Construct Section Command Post
Selects Heavy Armor Battlegroup
Construct Platoon Command Post
Selects Engineer Detachments
Selects Engineer Detachments
Selects Light Vehicle Withdraw and Refit
Light Vehicle Withdraw and Refit
Construct Company Command Post
6-pounder Anti-tank Gun Team
Construct Field Infirmary
Selects Forward Repair Assembly
Selects UNKNOWN (2162094)
Unlock M3 Grant Medium Tanks
6-pounder Anti-tank Gun Team